 Dungeon Crawl Stone Soup version 0.26-a0-50-gc4d14cd842 (webtiles) character file.

Game seed: 4328359188998120628

1700271 bmfx the Slingshot (level 25, 221/221 HPs)
             Began as a Formicid Hunter on June 4, 2020.
             Was the Champion of Ru.
             Escaped with the Orb
             ... and 3 runes!
             The game lasted 03:09:11 (73663 turns).

bmfx the Slingshot (Formicid Hunter)               Turns: 73663, Time: 03:09:12

Health: 221/221    AC: 41    Str: 25    XL:     25
Magic:  24/24      EV: 14    Int: 15    God:    Ru [******]
Gold:   10658      SH: 35    Dex:  9    Spells: 23/24 levels left

rFire    + + .     SeeInvis +   w - +9 fustibalus (freeze)
rCold    + . .     Gourm    .   g - +7 tower shield of Agoraphobia {Regen+}
rNeg     . . .     Faith    .   J - +10 plate armour {rF+}
rPois    +         Spirit   .   (helmet unavailable)
rElec    +         Reflect  +   P - +2 cloak {rCorr}
rCorr    +         Harm     .   q - +3 pair of gauntlets of War {Slay+5}
MR       +++..                  K - +2 pair of boots {run}
Stlth    ..........             F - amulet of Taximiell {Reflect rPois rF+ SH+5}
HPRegen  0.86/turn              C - ring "Vaenil" {+Inv rElec rC+ Slay+3 SInv}
MPRegen  0.19/turn              r - +4 ring of slaying

@: quick
A: permanent stasis, dig shafts and tunnels, four strong arms, antennae 3,
talons 1, clumsy 1, low mp 2, magic resistance 1, wild magic 1, no stealth, no
charms magic, no hexes magic, no poison magic, disrupted magic 1, unskilled 1,
inexperienced 1
0: Orb of Zot
}: 3/15 runes: serpentine, barnacled, silver
a: Dig, Shaft Self, Draw Out Power, Power Leap, Apocalypse, Renounce Religion,
Evoke Invisibility


You escaped.
You worshipped Ru.
Ru was exalted by your worship.
You were very full.

You visited 10 branches of the dungeon, and saw 50 of its levels.
You visited 1 bazaar.
You also visited: Ossuary, Gauntlet, Ice Cave, Volcano and Wizlab.

You collected 14138 gold pieces.
You spent 3480 gold pieces at shops.


Innate Abilities, Weirdness & Mutations

You cannot be hasted, slowed, berserked, paralysed or teleported.
You can dig through walls and to a lower floor.
Your four strong arms can wield two-handed weapons with a shield.
You have a pair of large antennae on your head. (SInv)
Your magical capacity is very low. (-20% MP)
You cannot be stealthy.
You cannot study or cast Charms magic.
You cannot study or cast Hexes magic.
You cannot study or cast Poison magic.
Your casting is slightly disrupted.
You are somewhat unskilled. (-1 Apt)
You are somewhat inexperienced. (-2 XL)
You have sharp toenails.
You are clumsy. (Dex -2)
You are resistant to hostile enchantments. (MR+)
Your spells are a little harder to cast, but a little more powerful.

Dungeon Overview and Level Annotations

Branches:
Dungeon (15/15)            Temple (1/1) D:5            Lair (6/6) D:10
 Shoals (4/4) Lair:2        Snake (4/4) Lair:2        Slime (0/5) Lair:6
    Orc (2/2) D:10            Elf (3/3) Orc:2        Vaults (5/5) D:13
  Crypt (0/3) Vaults:3     Depths (5/5) D:15            Zot (5/5) Depths:5
Ossuary (visited)           IceCv (visited)         Volcano (visited)
 WizLab (visited)         Gauntlet (visited)

Altars:
Ashenzari
Cheibriados
Dithmenos
Elyvilon
Fedhas
Gozag
Hepliaklqana
Kikubaaqudgha
Makhleb
Nemelex Xobeh
Okawaru
Qazlal
Ru
Sif Muna
Trog
Uskayaw
Vehumet
Wu Jian
Xom
Yredelemnul
Zin
The Shining One
Beogh
Jiyva
Lugonu

Shops:
D:6 ?   Orc:1 !   Orc:2 %:!(   Elf:1 }=}   Elf:3 *   Shoals:1 !   Snake:2 !=
Snake:3 :   Vaults:2 [   Vaults:3 %   Vaults:5 *   Depths:1 %

Portals:
Hell: Depths:1 Depths:2 Depths:3 Depths:4 Depths:5
Abyss: Depths:4 Depths:5
Pandemonium: Orc:2 Depths:3
Ziggurat: Depths:3

Annotations:
Zot:3 35 runed doors


   Skills:
 + Level 23.0 Fighting
   Level 1.9 Short Blades
 - Level 22.5 Axes
 * Level 23.2 Slings
 - Level 20.0 Armour
 - Level 15.4 Dodging
 - Level 20.0 Shields
 - Level 10.0 Evocations


You had 23 spell levels left.
You knew the following spells:

 Your Spells              Type           Power        Failure   Level  Hunger
a - Apportation           Tloc           #.....       90%         1    ##.....

Your spell library contained the following spells:

 Spells                   Type           Power        Failure   Level  Hunger
 Animate Skeleton         Necr           N/A          90%         1    ##.....
 Beastly Appendage        Tmut           #.....       90%         1    ##.....
 Foxfire                  Conj/Fire      #...         90%         1    ##.....
 Freeze                   Ice            #...         90%         1    ##.....
 Magic Dart               Conj           #...         90%         1    ##.....
 Pain                     Necr           #...         90%         1    ##.....
 Sandblast                Erth           #.....       90%         1    ##.....
 Shock                    Conj/Air       #...         90%         1    ##.....
 Summon Butterflies       Summ           #.......     90%         1    ##.....
 Summon Small Mammal      Summ           #...         90%         1    ##.....
 Call Imp                 Summ           #.......     97%         2    ###....
 Corpse Rot               Necr/Air       N/A          97%         2    ###....
 Searing Ray              Conj           #.....       97%         2    ###....
 Sticks to Snakes         Tmut           #.......     97%         2    ###....
 Sublimation of Blood     Necr           #.........   97%         2    ###....
 Call Canine Familiar     Summ           #.......     99%         3    ####...
 Conjure Flame            Conj/Fire      #.......     99%         3    ####...
 Frozen Ramparts          Ice            #.....       99%         3    ####...
 Gell's Gravitas          Tloc           #.........   99%         3    ####...
 Lesser Beckoning         Tloc           #.........   99%         3    ####...
 Recall                   Summ/Tloc      N/A          99%         3    ####...
 Static Discharge         Conj/Air       #.......     99%         3    ####...
 Stone Arrow              Conj/Erth      #.....       99%         3    ####...
 Teleport Other           Tloc           #.......     99%         3    ####...
 Vampiric Draining        Necr           #.........   99%         3    ####...
 Animate Dead             Necr           N/A          100%        4    #####..
 Dispel Undead            Necr           #.......     100%        4    #####..
 Hailstorm                Conj/Ice       #.......     100%        4    #####..
 Ice Form                 Ice/Tmut       #.......     100%        4    #####..
 Iskenderun's Mystic Bla  Conj/Tloc      #.......     100%        4    #####..
 Petrify                  Tmut/Erth      #.......     100%        4    #####..
 Sticky Flame             Conj/Fire      #.......     100%        4    #####..
 Summon Ice Beast         Ice/Summ       #.......     100%        4    #####..
 Summon Lightning Spire   Summ/Air       #.......     100%        4    #####..
 Agony                    Necr           #.......     100%        5    ######.
 Aura of Abjuration       Summ           #.........   100%        5    ######.
 Blade Hands              Tmut           #.........   100%        5    ######.
 Bolt of Magma            Conj/Fire/Erth #.........   100%        5    ######.
 Fireball                 Conj/Fire      #.........   100%        5    ######.
 Irradiate                Conj/Tmut      #.........   100%        5    ######.
 Lightning Bolt           Conj/Air       #.........   100%        5    ######.
 Summon Demon             Summ           #.........   100%        5    ######.
 Summon Forest            Summ/Tloc      #.........   100%        5    ######.
 Freezing Cloud           Conj/Ice/Air   #.........   100%        6    #######
 Hydra Form               Tmut           #.........   100%        6    #######
 Iron Shot                Conj/Erth      #.........   100%        6    #######
 Ozocubu's Refrigeration  Ice            #.........   100%        6    #######
 Shadow Creatures         Summ           N/A          100%        6    #######
 Simulacrum               Ice/Necr       #.........   100%        6    #######
 Statue Form              Tmut/Erth      #........    100%        6    #######
 Dragon Form              Tmut           #.........   100%        7    #######
 Orb of Destruction       Conj           #.........   100%        7    #######
 Spellforged Servitor     Conj/Summ      #.........   100%        7    #######
 Summon Hydra             Summ           #.........   100%        7    #######
 Ignition                 Fire           #.........   100%        8    #######
 Dragon's Call            Summ           #.........   100%        9    #######
 Shatter                  Erth           #.........   100%        9    #######
 Tornado                  Air            #.........   100%        9    #######
 Corona                   Hex            Unusable     N/A         1    N/A
 Infusion                 Chrm           Unusable     N/A         1    N/A
 Sting                    Tmut/Pois      Unusable     N/A         1    N/A
 Blink                    Tloc           Unusable     N/A         2    N/A
 Poisonous Vapours        Pois/Air       Unusable     N/A         2    N/A
 Shroud of Golubria       Chrm/Tloc      Unusable     N/A         2    N/A
 Slow                     Hex            Unusable     N/A         2    N/A
 Song of Slaying          Chrm           Unusable     N/A         2    N/A
 Confusing Touch          Hex            Unusable     N/A         3    N/A
 Dazzling Flash           Conj/Hex       Unusable     N/A         3    N/A
 Ignite Poison            Fire/Tmut/Pois Unusable     N/A         3    N/A
 Inner Flame              Hex/Fire       Unusable     N/A         3    N/A
 Mephitic Cloud           Conj/Pois/Air  Unusable     N/A         3    N/A
 Ozocubu's Armour         Chrm/Ice       Unusable     N/A         3    N/A
 Portal Projectile        Hex/Tloc       Unusable     N/A         3    N/A
 Spectral Weapon          Hex/Chrm       Unusable     N/A         3    N/A
 Spider Form              Tmut/Pois      Unusable     N/A         3    N/A
 Summon Guardian Golem    Hex/Summ       Unusable     N/A         3    N/A
 Tukima's Dance           Hex            Unusable     N/A         3    N/A
 Cause Fear               Hex            Unusable     N/A         4    N/A
 Fulminant Prism          Conj/Hex       Unusable     N/A         4    N/A
 Leda's Liquefaction      Hex/Erth       Unusable     N/A         4    N/A
 Olgreb's Toxic Radiance  Pois           Unusable     N/A         4    N/A
 Passage of Golubria      Tloc           Unusable     N/A         4    N/A
 Alistair's Intoxication  Tmut/Pois      Unusable     N/A         5    N/A
 Excruciating Wounds      Chrm/Necr      Unusable     N/A         5    N/A
 Iskenderun's Battlesphe  Conj/Chrm      Unusable     N/A         5    N/A
 Metabolic Englaciation   Hex/Ice        Unusable     N/A         5    N/A
 Silence                  Hex/Air        Unusable     N/A         5    N/A
 Summon Mana Viper        Hex/Summ       Unusable     N/A         5    N/A
 Yara's Violent Unravell  Hex/Tmut       Unusable     N/A         5    N/A
 Eringya's Noxious Bog    Tmut/Pois      Unusable     N/A         6    N/A
 Invisibility             Hex            Unusable     N/A         6    N/A
 Ring of Flames           Chrm/Fire      Unusable     N/A         7    N/A
 Discord                  Hex            Unusable     N/A         8    N/A

Action                   |  1- 3 |  4- 6 |  7- 9 | 10-12 | 13-15 | 16-18 | 19-21 | 22-24 | 25-27 || total
-------------------------+-------+-------+-------+-------+-------+-------+-------+-------+-------++-------
Melee: Short sword       |    69 |    46 |       |       |       |       |       |       |       ||   115
       Dagger            |       |   201 |   153 |   344 |    10 |       |       |       |       ||   708
       Rapier            |       |       |       |     6 |    41 |       |       |       |       ||    47
       Scimitar          |       |       |       |     3 |     6 |       |       |       |       ||     9
       Battleaxe         |       |       |       |       |     3 |   348 |    27 |    66 |   563 ||  1007
 Fire: Hunting sling     |    48 |    37 |   465 |   519 |   699 |       |       |       |       ||  1768
       Fustibalus        |       |       |       |       |   692 |  1679 |  1786 |  1466 |  2425 ||  8048
Throw: Dart              |     6 |    18 |    36 |    10 |     1 |     3 |       |       |       ||    74
Invok: Sacrifice Essence |       |       |     1 |       |     1 |       |       |       |       ||     2
       Sacrifice Experie |       |       |     1 |       |       |       |       |       |       ||     1
       Sacrifice Skill   |       |       |     1 |       |       |       |       |       |       ||     1
       Power Leap        |       |       |       |     1 |     1 |     2 |       |       |       ||     4
       Sacrifice Stealth |       |       |       |     1 |       |       |       |       |       ||     1
       Apocalypse        |       |       |       |     3 |     7 |    12 |     5 |     8 |    16 ||    51
       Reject Sacrifices |       |       |       |     1 |       |       |       |       |       ||     1
       Sacrifice Arcana  |       |       |       |       |     1 |       |       |       |       ||     1
       Draw Out Power    |       |       |       |       |       |     1 |       |       |     1 ||     2
 Abil: Dig               |       |     6 |    13 |     8 |     8 |     9 |    16 |       |    16 ||    76
       Evoke Invisibilit |       |       |       |     3 |       |       |       |       |       ||     3
Evoke: Wand              |       |       |       |     6 |       |     7 |     5 |       |     5 ||    23
       Tin of tremorston |       |       |       |       |       |     2 |     3 |       |     9 ||    14
  Use: Scroll            |     3 |     8 |    15 |     8 |    14 |    15 |     4 |     7 |    18 ||    92
       Potion            |       |     1 |       |     1 |       |     7 |     4 |     1 |     6 ||    20
 Stab: Paralysed         |       |       |       |    15 |       |     3 |     3 |       |     6 ||    27
       Invisible         |       |       |       |       |     1 |       |       |     2 |     3 ||     6
       Distracted        |       |       |       |       |       |     2 |       |     1 |     4 ||     7
  Eat: Chunk             |       |    11 |     9 |    16 |    15 |    21 |     7 |    15 |    22 ||   116
       Ration            |       |       |     4 |     1 |     6 |     4 |     6 |     2 |    10 ||    33
Armor: Plate armour      |    60 |   179 |   117 |   125 |   148 |   265 |   124 |    95 |   294 ||  1407
Dodge: Dodged            |    25 |    61 |    46 |   151 |   162 |   184 |    73 |    75 |   238 ||  1015
Block: Other             |       |     5 |    28 |       |       |       |       |       |       ||    33
       Buckler           |       |       |    57 |   142 |   141 |       |       |       |       ||   340
       Reflection        |       |       |       |     7 |     5 |    75 |   132 |   112 |    88 ||   419
       Tower shield      |       |       |       |       |    32 |   889 |   412 |   466 |  1167 ||  2966
       Rpst.: Scimitar   |       |       |       |     1 |     1 |       |       |       |       ||     2

Skill      XL: |  1  2  3  4  5  6  7  8  9 10 11 12 13 14 15 16 17 18 19 20 21 22 23 24 25 |
---------------+----------------------------------------------------------------------------+-----
Fighting       | 3 4 6 5 8 11 12 15 18 20 23 | 23.0
Slings         | 5 6 7 10 13 12 14 15 16 19 20 23 | 23.2
Short Blades   | 2 1 |  1.9
Shields        | 3 6 14 16 18 20 | 20.0
Dodging        | 8 10 11 14 15 | 15.4
Stealth        | 0 |  0.0
Evocations     | 4 5 6 9 10 | 10.0
Armour         | 3 8 11 12 14 15 20 | 20.0
Axes           | 4 9 10 12 22 | 22.5

Inventory:

Hand Weapons
 a - a +6 vampiric battleaxe
 w - a +9 fustibalus of freezing (weapon)
Missiles
 d - 385 sling bullets
 i - 592 stones (quivered)
 O - 12 curare-tipped darts
 U - 14 throwing nets {!f}
Armour
 g - the +7 tower shield of Agoraphobia (worn) {Regen+}
   (You took it off a hell knight on level 3 of the Depths)

   It increases your rate of regeneration.
 q - the +3 pair of gauntlets of War (worn) {Slay+5}
   (You found it on level 3 of the Elven Halls)

   It affects your accuracy and damage with ranged weapons and melee attacks
   (+5).
 J - a +10 plate armour of fire resistance (worn)
 K - a +2 pair of boots of running (worn)
 P - a +2 cloak of preservation (worn)
Jewellery
 e - the ring of Xuoligia {rF+ rCorr}
   (You took it off a yaktaur on level 3 of the Depths)

   [ring of resist corrosion]

   It protects you from fire.
   It provides partial protection from all sources of acid and corrosion.
 k - the ring of Robustness {AC+8}
   (You found it on level 2 of the Vaults)

   [ring of protection]

   It affects your AC (+8).
 r - a +4 ring of slaying (right hand)
 t - the ring of the Pariah {rElec rPois rC+ rN+++ Int-2}
   (You found it in an ice cave)

   [ring of protection from cold]

   It affects your intelligence (-2).
   It protects you from cold.
   It insulates you from electricity.
   It protects you from poison.
   It renders you almost immune to negative energy.
 y - an uncursed ring of flight
 C - the ring "Vaenil" (left hand) {+Inv rElec rC+ Slay+3 SInv}
   (You bought it in a shop on level 2 of the Snake Pit)

   [ring of protection from cold]

   It affects your accuracy and damage with ranged weapons and melee attacks
   (+3).
   It protects you from cold.
   It insulates you from electricity.
   It lets you see invisible.
   It lets you turn invisible.
 F - the amulet of Taximiell (around neck) {Reflect rPois rF+ SH+5}
   (You bought it in a shop on level 2 of the Snake Pit)

   [amulet of reflection]

   It shields you and reflects attacks.
   It protects you from fire.
   It protects you from poison.
   It affects your SH (+5).
 Y - the ring "Visixer" {+Inv rN+ MR+ SInv}
   (You found it on level 4 of the Realm of Zot)

   [ring of positive energy]

   It protects you from negative energy.
   It affects your resistance to hostile enchantments.
   It lets you see invisible.
   It lets you turn invisible.
Wands
 c - a wand of enslavement (19)
 o - a wand of polymorph (60)
 D - a wand of paralysis (31)
 L - a wand of iceblast (24)
 Q - a wand of acid (42)
 W - a wand of clouds (14)
Scrolls
 b - 2 scrolls of summoning
 l - 4 scrolls of silence
 m - 3 scrolls of magic mapping
 v - 7 scrolls of fear
 z - 12 scrolls of fog
 H - 18 scrolls of remove curse {@r4}
 M - a scroll of enchant armour
 S - 2 scrolls of holy word
 T - 32 scrolls of identify {@r3}
Potions
 h - 6 potions of might
 n - 7 potions of resistance
 p - 9 potions of stabbing
 s - 5 potions of magic
 u - 17 potions of curing {@q2}
 x - 2 potions of mutation
 B - 5 potions of invisibility
 E - 22 potions of heal wounds {@q1}
 G - 9 potions of flight
 I - 7 potions of cancellation
 V - 7 potions of ambrosia
Miscellaneous
 j - 3 boxes of beasts
 A - a tin of tremorstones (3/3)
 N - a lightning rod (4/4)
 R - 6 phantom mirrors
 Z - a phial of floods
Comestibles
 f - 67 rations

#.....##.....#.#
#.....##.......#
#......8......##
##..........###
#.........##
#.......###
##.....##
#...### ##@##
###


There were no monsters in sight!

Vanquished Creatures
  2 orbs of fire (Zot:5)
  Mennas (Depths:3)
  8 ancient liches
  A juggernaut (Depths:5)
  Sojobo (Depths:4)
  A Killer Klown (Zot:5)
  2 curse toes
  A pandemonium lord (Zot:5)
  Bai Suzhen (Vaults:5)
  A caustic shrike (Zot:5)
  4 golden dragons
  Nikola (Depths:2)
  3 electric golems
  3 liches
  19 tentacled monstrosities
  An Ice Fiend (IceCv)
  Jorgrun (D:13)
  2 deep elf blademasters (Elf:3)
  4 titans
  27 Orb Guardians
  2 deep elf master archers (Elf:3)
  Gastronok (Lair:3)
  The ghost of Zaat the Severer, an adept VSCK of Xom (Elf:1)
  5 quicksilver dragons
  7 death cobs
  6 krakens
  An ancient champion (WizLab)
  8 sphinxes
  An acid blob (Depths:3)
  Polyphemus (Shoals:2)
  Frances (D:12)
  Kirke (D:12)
  6 tengu reavers
  16 shadow dragons
  An azure jelly (shapeshifter) (Depths:3)
  10 storm dragons
  An azure jelly (Depths:3)
  16 frost giants
  A draconian monk (Zot:3)
  17 nagarajas
  7 deep elf sorcerers
  13 draconian scorchers
  15 fire giants
  5 draconian knights
  2 iron dragons
  16 vault wardens
  A balrug (D:15)
  3 deep elf elementalists (Elf:3)
  A cacodemon (D:1)
  2 draconian shifters
  An orc warlord (Vaults:2)
  15 ironheart preservers
  8 draconian annihilators
  6 war gargoyles
  26 stone giants
  4 entropy weavers
  12 very ugly things
  5 draconian stormcallers
  5 spriggan defenders
  13 green draconians
  6 deep elf demonologists
  Nessos (D:15)
  Azrael (D:15)
  11 yellow draconians
  A vampire knight (Vaults:3)
  11 black draconians
  8 red draconians
  10 white draconians
  8 deep elf annihilators (Elf:3)
  7 purple draconians
  Snorg (D:14)
  A minotaur (Gauntlet)
  A dire elephant (Gauntlet)
  7 spark wasps
  8 ettins
  4 crystal guardians
  5 deep elf death magi
  5 death oozes (Depths:3)
  2 eidola (Vaults:3)
  6 merfolk javelineers
  18 fire dragons
  Josephine (D:15)
  9 merfolk impalers
  5 deep elf high priests
  2 rakshasas
  11 great orbs of eyes
  22 ogre magi
  30 naga warriors
  11 ice dragons
  41 vault guards
  13 hydras
  6 spriggan air magi
  16 yaktaur captains
  Erica (Lair:1)
  6 merfolk avatars
  2 merfolk aquamancers
  7 anacondas
  9 centaur warriors
  65 two-headed ogres
  2 catoblepae
  A hell beast (D:8)
  An alligator snapping turtle (Shoals:4)
  4 death knights
  5 satyrs
  An anaconda (shapeshifter) (Vaults:5)
  A satyr (shapeshifter) (Vaults:3)
  21 dancing weapons
  A titan zombie (Vaults:5)
  11 death yaks
  16 deep troll earth magi
  8 tengu warriors
  9 deep troll shamans
  2 vampire magi
  16 naga sharpshooters
  12 spriggan berserkers
  12 shock serpents
  4 sun demons
  4 orc high priests (Orc:2)
  2 soul eaters
  2 salamander mystics (Snake:2)
  23 deep elf knights
  9 skeletal warriors (WizLab)
  A shadow wraith (Vaults:2)
  2 sixfirhies
  5 unseen horrors
  8 glowing orange brains
  4 iron trolls
  31 deep trolls
  A gelid demonspawn (Orc:2)
  12 sea snakes
  6 hell knights
  An infernal demonspawn (Orc:2)
  A golden dragon zombie (Depths:2)
  3 flayed ghosts
  A spriggan druid (Depths:2)
  2 torturous demonspawn (Orc:2)
  18 ironbrand convokers
  An orange crystal statue (Depths:4)
  6 necromancers
  2 wizards
  17 deep elf archers
  2 obsidian statues
  8 naga ritualists
  3 shining eyes (shapeshifter)
  5 phantasmal warriors
  38 ugly things
  49 deep elf magi
  A mana viper (shapeshifter) (Vaults:4)
  14 harpies
  A lindwurm (shapeshifter) (Depths:3)
  10 mana vipers
  18 orc knights
  A tengu skeleton (Vaults:2)
  9 orc sorcerers
  5 wolf spiders
  A faun (shapeshifter) (Depths:4)
  A wolf spider zombie (D:15)
  10 manticores
  9 salamanders
  The ghost of airwow the Covert, a novice SpEn of Dithmenos (D:7)
  A moth of wrath (shapeshifter) (Vaults:5)
  18 fauns
  10 cyclopes
  2 salamanders (shapeshifter)
  23 moths of wrath
  Maurice (D:12)
  A frost giant skeleton (Vaults:5)
  3 water nymphs
  27 black mambas
  11 merfolk sirens
  An eye of devastation (shapeshifter) (Vaults:2)
  6 guardian serpents
  3 elephants (Gauntlet)
  24 naga magi
  5 molten gargoyles
  A rust devil (Orc:2)
  9 spiny frogs
  A smoke demon (Orc:2)
  An ice statue (Shoals:4)
  A black mamba (shapeshifter) (Vaults:3)
  An orange demon (Zot:5)
  2 gargoyles
  A storm dragon simulacrum (Vaults:4)
  5 spectral swamp worms (Depths:1)
  16 vault sentinels
  A centaur skeleton (D:14)
  15 large abominations
  4 rime drakes
  19 freezing wraiths
  75 yaktaurs
  7 ice devils
  5 anaconda simulacra (IceCv)
  A komodo dragon (shapeshifter) (Depths:1)
  3 hellwings
  4 golden dragon simulacra
  11 komodo dragons
  A yaktaur (shapeshifter) (Depths:4)
  A tormentor (Depths:1)
  A queen bee (shapeshifter) (Depths:1)
  2 red devils
  5 tengu conjurers
  A merfolk (shapeshifter) (Vaults:5)
  A jumping spider (Vaults:4)
  6 trolls
  19 hornets
  A shadow dragon simulacrum (Vaults:4)
  10 snapping turtles
  9 wind drakes
  A tengu simulacrum (Depths:2)
  2 polar bears
  40 merfolk
  A raiju (shapeshifter) (Vaults:4)
  A hippogriff (shapeshifter) (Vaults:3)
  7 hippogriffs
  20 dream sheep
  21 blink frogs
  26 slime creatures
  23 spriggans
  2 shadows
  5 air elementals
  4 vampires (WizLab)
  8 wraiths
  A yak (shapeshifter) (D:14)
  9 redbacks
  A redback (shapeshifter) (Vaults:5)
  A tarantella (shapeshifter) (D:15)
  2 dire elephant simulacra (IceCv)
  20 water elementals
  A hog (shapeshifter) (Vaults:3)
  3 wyverns
  6 fire elementals
  6 hogs (D:12)
  19 yaks
  7 humans (D:13)
  9 basilisks
  2 fire bats (Volcano)
  A basilisk (shapeshifter) (Depths:3)
  2 vampire mosquitoes (D:13)
  2 chaos spawn (Depths:5)
  3 hungry ghosts
  Menkaure (D:4)
  2 steam dragons
  4 two-headed ogre zombies (WizLab)
  5 wargs
  2 harpy simulacra (IceCv)
  An iron troll simulacrum (IceCv)
  86 nagas
  An acid dragon (Vaults:2)
  A swamp worm (shapeshifter) (D:11)
  7 water moccasins
  A porcupine (shapeshifter) (Vaults:2)
  3 porcupines
  A hydra simulacrum (IceCv)
  2 floating eyes (Depths:3)
  9 hell hounds
  2 black bears
  An ettin simulacrum (IceCv)
  33 orc warriors
  2 ice beasts
  2 eyes of draining
  2 phantoms
  11 boggarts
  31 ogres
  7 wolves
  10 crocodiles
  17 centaurs
  An elf skeleton (Vaults:5)
  6 big kobolds
  An elf zombie (D:8)
  16 bullfrogs
  A wyvern zombie (D:11)
  2 earth elementals (Elf:1)
  3 gnoll sergeants
  A human simulacrum (Depths:2)
  6 small abominations
  4 scorpions
  A wyvern skeleton (D:13)
  A hornet simulacrum (Vaults:1)
  7 troll zombies (WizLab)
  An elephant simulacrum (IceCv)
  5 killer bees (D:11)
  16 wights
  2 howler monkeys (D:10)
  6 crimson imps
  12 lava snakes
  3 draconian simulacra (IceCv)
  4 quasits
  2 bullfrog zombies
  5 centaur zombies
  20 jellies
  2 gnoll shamans
  3 human zombies
  31 orc priests
  2 bullfrog skeletons
  14 hounds
  3 iguanas
  6 human skeletons
  22 orc wizards
  6 hell rats (Lair:4)
  9 worker ants
  A killer bee zombie (D:8)
  2 wolf simulacra (IceCv)
  3 ogre zombies (WizLab)
  3 centaur simulacra (IceCv)
  A hound zombie (D:5)
  3 hound skeletons
  8 mummies (Ossuary)
  16 adders
  20 gnolls
  2 naga simulacra (IceCv)
  2 ogre simulacra (IceCv)
  4 shadow imps
  8 white imps
  3 ufetubi (IceCv)
  7 oozes
  5 worms
  2 dart slugs
  7 leopard geckos
  102 orcs
  2 ball pythons
  7 giant cockroaches
  10 goblins
  5 hobgoblins (D:1)
  21 jackals
  3 quokkas
  11 bats
  4 frilled lizards
  A giant cockroach zombie (D:5)
  4 hobgoblin zombies (Ossuary)
  22 kobolds
  3 kobold zombies (Ossuary)
  A leopard gecko zombie (D:5)
  2 orc skeletons (D:8)
  4 orc zombies
  3 rats
  7 crawling corpses
  22 plants (Shoals:4)
  13 tentacles
2645 creatures vanquished.

Vanquished Creatures (collateral kills)
  A golden dragon (Zot:5)
  A black draconian (Zot:5)
2 creatures vanquished.

Vanquished Creatures (others)
  A golden dragon (Depths:5)
  A quicksilver dragon (Zot:2)
  A fire giant (Depths:2)
  An ironheart preserver (Vaults:2)
  A deep elf annihilator (Elf:3)
  A deep elf high priest (Elf:3)
  A vault guard (Vaults:5)
  A naga warrior (Snake:3)
  A dancing weapon (Elf:2)
  2 deep elf knights
  A deep elf archer (Vaults:5)
  A deep troll (Vaults:5)
  A lindwurm (Lair:6)
  4 harpies
  2 deep elf magi (Elf:1)
  2 orc sorcerers
  2 manticores
  A black mamba (Lair:6)
  2 komodo dragons
  A rime drake (Lair:4)
  2 yaktaurs
  A troll (Orc:2)
  A wind drake (Shoals:4)
  A blink frog (Lair:2)
  A slime creature (Vaults:2)
  3 humans (D:13)
  A wyvern (D:12)
  An orc warrior (Orc:2)
  2 ogres
  A wyvern skeleton (D:11)
  A draconian simulacrum (IceCv)
  A jelly (Depths:3)
  A gnoll (D:9)
  3 orcs
  52 bushes (Depths:2)
  3 fungi (D:8)
  44 plants
  15 tentacles
162 creatures vanquished.

Grand Total: 2809 creatures vanquished

Levels and vault maps discovered:
D:1:      eino_arrival_cavern_d, layout_basic
D:2:      layout_loops_ring, first_ration
D:3:      wad_pebble_path, layout_rooms, elyvilon_altar_1, minivault_19
D:4:      layout_basic, uniq_menkaure
D:5:      layout_basic, minmay_temple_entry_gardened_gates
D:6:      layout_basic, lemuel_doored_altar, okawaru_ov_weapons_minmay,
          serial_shops, nicolae_shop_statue_plus
D:7:      layout_loops_cross, lemuel_round_altar, marbit_many_paths,
          serial_bayou, serial_bayou_pond_a, serial_bayou_crossing,
          biasface_ghost_orc_armoury
D:8:      old_forge, layout_basic, cheibrodos_ashenzari_chains,
          xom_teletrap_fun, nicolae_ossuary_entry_catacombs
D:9:      layout_cave_pools, serial_gnoll_camp, gnoll_camp_mini_loothouse,
          gnoll_camp_medium_02, gnoll_camp_mini_hut, gnoll_camp_mini_house
D:10:     layout_basic, lair_entry_dummy, orc_0_dummy
D:11:     layout_small_grid, hangedman_ranch [blue_anna_fruit_fields],
          minivault_12
D:12:     layout_basic, uniq_maurice, uniq_frances, uniq_kirke
D:13:     layout_roguey, ximxim_vaults_locker_room, uniq_jorgrun
D:14:     layout_basic, basic_altar, serial_park_tiny_pond, uniq_snorg
D:15:     grunt_enter_depths_giant_problem, layout_loops_cross,
          kennysheep_doodads, uniq_nessos, uniq_josephine, uniq_azrael
Temple:   regret_index_temple_waves
Lair:1:   layout_layer_cave, grunt_megastairs_2, uniq_erica
Lair:2:   layout_loops_ring, minmay_shoals_entry_beasts, gauntlet_entry_generic,
          minmay_shattered_shrine
Lair:3:   layout_regular_city, chequers_serial_rivers_small_a, uniq_gastronok
Lair:4:   layout_layer_cave, serial_bayou_shore_a
Lair:5:   layout_cellular_growth
Lair:6:   cheibrodos_lair_end_hotspot, layout_loops_ring,
          minmay_slime_entry_jelly_boxes, chequers_serial_rivers_room_b,
          chequers_serial_rivers_large_a, st_stairs_8
Shoals:1: layout_shoals, serial_shops, shop
Shoals:2: layout_shoals, uniq_polyphemus
Shoals:3: layout_shoals, nicolae_shoals_kraken_party
Shoals:4: shoals_end_grunt_garden, layout_shoals,
          portal_ice_cave_entry_ice_statue_one
Snake:1:  layout_onion_interference, grunt_megastairs_4
Snake:2:  layout_grid_shapes, corexii_hall_statues_s, serial_bayou_shore_b,
          minmay_shoptagon
Snake:3:  layout_grid_maze, serial_shops, nicolae_shop_window_shopping
Snake:4:  grunt_snake_rune_spirals, layout_onion, serial_shops, statue_bzr,
          grunt_ministairs_1
Orc:1:    layout_caves, enter_volcano_1, serial_shops,
          nicolae_shop_temple_entry_statues_fountains, mines1_david
Orc:2:    pf_orc_diabolical, layout_caves
Elf:1:    eino_elf_arrival_sip, layout_loops_cross, ebering_ghost_inner_flame,
          minmay_elf_annihilation, minmay_shop_grove
Elf:2:    layout_geoelf_octagon
Elf:3:    elf_hall_gauntlet_narrow, layout_geoelf_octagon, serial_shops, shop
Vaults:1: st_hourglassy, hangedman_vaults_unwind, vaults_room_ringed_pool,
          v_misc_9, grunt_vaults_bifocal, vaults_dpeg_diagonal,
          nicolae_vaults_angled_halls, v_rooms_6, vaults_room_semicircle,
          nicolae_vaults_yaktaur_gun_rack, nicolae_vaults_mini_display_case,
          layout_vaults_ring, mu_enter_wizlab_4
Vaults:2: v_misc_12, v_misc_28, st_greater_box_3,
          vaults_standard_mumra_enter_the_diamond, dpeg_vaults_monster_box,
          ontoclasm_vaults_ligature, nicolae_vaults_little_ls,
          grunt_vaults_hallway_short, layout_vaults_omnicross, serial_shops,
          shop_fountains
Vaults:3: vaults_standard_mumra_enter_the_diamond, v_misc_22,
          grunt_vaults_swirl, v_misc_11, nicolae_vaults_border_crossing,
          v_misc_26, vaults_dpeg_cross, minmay_crypt_entry_simple_corners,
          hangedman_vaults_capsules, nicolae_vaults_rhombus_6,
          layout_vaults_omnibox, serial_shops, shop
Vaults:4: ontoclasm_vaults_shout, v_misc_2, vaults_room_corners,
          dpeg_vaults_monster_row, v_misc_23, hangedman_vaults_slice,
          vaults_dpeg_encased_lava, nicolae_vaults_specimen_jars,
          hangedman_vaults_river_flow, vaults_room_semicircle,
          vaults_mumra_minichess, layout_vaults_quadrants
Vaults:5: uniq_bai_suzhen
Depths:1: layout_cave_pools, tso_altar, pf_hell_entry_tar_river, serial_shops,
          shop_fountains, minmay_misc_feat_pillars, minmay_misc_feat_iff,
          tgw_lugonu_bribe
Depths:2: minmay_spriggan_fort, layout_cave_shapes, pf_coc_iceberg, uniq_nikola
Depths:3: minmay_the_grid_square_5x5_5x5 [minmay_the_grid_square_5x5_percent,
          minmay_the_grid_square_5x5_longway,
          minmay_the_grid_square_5x5_tetrominoes,
          minmay_the_grid_square_5x5_shrine2, minmay_the_grid_square_5x5_inset,
          minmay_the_grid_square_5x5_two_walls_a,
          minmay_the_grid_square_5x5_prize_pseudospiral,
          minmay_the_grid_square_5x5_six,
          minmay_the_grid_square_5x5_prize_waves,
          minmay_the_grid_square_5x5_dogpile,
          minmay_the_grid_square_5x5_inner_i,
          minmay_the_grid_square_5x5_inverted_slash,
          minmay_the_grid_square_5x5_prize_open,
          minmay_the_grid_square_5x5_fat_x, minmay_the_grid_square_5x5_inner_v,
          minmay_the_grid_square_5x5_broken_cross,
          minmay_the_grid_square_5x5_prize_gold,
          minmay_the_grid_square_5x5_mess,
          minmay_the_grid_square_5x5_prize_junk,
          minmay_the_grid_square_5x5_three,
          minmay_the_grid_square_5x5_two_walls_b,
          minmay_the_grid_square_5x5_two,
          minmay_the_grid_square_5x5_almost_minimal,
          minmay_the_grid_square_5x5_moneybag,
          minmay_the_grid_square_5x5_bridge], layout_basic, enter_ziggurat_e,
          nrook_pool_corridor, grunt_pan_entry_spiral, special_room
          [special_room_jelly], hell_entry, infiniplex_staircase_pool_2,
          uniq_mennas
Depths:4: kennysheep_blocky_room, layout_basic, chequers_big_river, abyss_entry,
          hell_entry, minmay_crystal_box, infiniplex_staircase_split_hallway,
          serial_bayou_shore_b, uniq_sojobo
Depths:5: evilmike_zot_entry_basic, layout_gridville, lemuel_statue_altar,
          minmay_room_of_horrors, hell_entry
Zot:1:    layout_gridville
Zot:2:    kennysheep_six_static_rooms, layout_cathedral_of_symmetry,
          grunt_ministairs_9
Zot:3:    layout_misc_corridors, door_vault
Zot:4:    layout_misc_corridors
Zot:5:    layout_gridlike, st_stairs_1


Message History

Press: ? - help, Shift-Dir - straight line, f/p - sixfirhy
Aim: a sixfirhy (heavily wounded)
You shoot a stone. The stone hits the sixfirhy!
The stone freezes the sixfirhy.
You kill the sixfirhy!
No target in view!
(D) Dungeon (T) Temple (L) Lair (A) Shoals (P) Snake Pit (M) Slime Pits (O) Orcish Mines (E) Elven Halls (V) Vaults (C) Crypt (U) Depths (H) Hell (Z) Zot
Where to? (Enter - D:1 @ (x,y), ? - help)
i - 592 stones (gained 3)
You see here a +0 club.
You sense a monster nearby.
(D) Dungeon (T) Temple (L) Lair (A) Shoals (P) Snake Pit (M) Slime Pits (O) Orcish Mines (E) Elven Halls (V) Vaults (C) Crypt (U) Depths (H) Hell (Z) Zot
Where to? (Enter - D:1 @ (x,y), ? - help)
There is a staircase leading out of the dungeon here.
You have escaped!

Notes
Turn   | Place    | Note
-------+----------+-------------------------------------------
     0 | D:1      | bmfx the Formicid Hunter began the quest for the Orb.
     0 | D:1      | Reached XP level 1. HP: 16/16 MP: 1/1
    69 | D:1      | Reached XP level 2. HP: 23/23 MP: 2/2
   358 | D:1      | Reached XP level 3. HP: 29/29 MP: 3/3
   618 | D:1      | Reached skill level 5 in Slings
   979 | D:2      | Reached XP level 4. HP: 33/35 MP: 4/4
  1567 | D:2      | Reached XP level 5. HP: 38/42 MP: 5/5
  1788 | D:3      | Reached skill level 1 in Short Blades
  1931 | D:3      | Found a white marble altar of Elyvilon.
  2654 | D:4      | Reached XP level 6. HP: 43/48 MP: 6/6
  2694 | D:4      | Noticed Menkaure
  3644 | D:5      | Entered Level 5 of the Dungeon
  3889 | D:5      | Noticed an ogre
  4060 | D:5      | Reached XP level 7. HP: 55/55 MP: 7/7
  4065 | D:5      | Reached skill level 5 in Fighting
  4301 | D:5      | Found a staircase to the Ecumenical Temple.
  4310 | Temple   | Entered the Ecumenical Temple
  4543 | D:5      | Got a jewelled leather armour
  5099 | D:6      | Found a sacrificial altar of Ru.
  5127 | D:6      | Became a worshipper of Ru the Awakened
  5345 | D:6      | Found Raicrosm's Magic Scroll Shoppe.
  5370 | D:6      | Found an iron altar of Okawaru.
  5464 | D:6      | Reached XP level 8. HP: 64/64 MP: 8/8
  5602 | D:6      | Bought a scroll of remove curse for 45 gold pieces
  5602 | D:6      | Bought a scroll of identify for 30 gold pieces
  5602 | D:6      | Bought a scroll of enchant weapon for 112 gold pieces
  5602 | D:6      | Bought a scroll of identify for 30 gold pieces
  5602 | D:6      | Bought 2 scrolls of identify for 60 gold pieces
  6112 | D:7      | Found a runed translucent gate.
  6112 | D:7      | Noticed airwow's ghost (novice SpEn)
  6113 | D:7      | Found a runed translucent gate.
  6118 | D:7      | Identified the +5 battleaxe of Nimey {freeze, Stlth+}
  6243 | D:7      | Found a hide-covered altar of Uskayaw.
  6270 | D:7      | Gained mutation: Your magical capacity is low. (-10% MP)
                  | [Ru sacrifice]
  6375 | D:7      | Found an ornate altar of the Wu Jian Council.
  6434 | D:7      | Found a runed translucent gate.
  6485 | D:7      | Identified the cursed +1 leather armour the Decaying Robin
                  | {+Inv} (You found it on level 5 of the Dungeon)
  6532 | D:7      | Found a roughly hewn altar of Beogh.
  6879 | D:8      | Found a sand-covered staircase.
  6899 | Ossuary  | Entered an ossuary
  6947 | Ossuary  | Reached skill level 10 in Slings
  7266 | D:8      | Reached XP level 9. HP: 61/69 MP: 8/8
  7357 | D:8      | Reached skill level 1 in Shields
  7487 | D:8      | Found a shattered altar of Ashenzari.
  7658 | D:8      | Noticed a hornet
  7666 | D:8      | Killed a hornet
  7902 | D:8      | Found a shimmering altar of Xom.
  8522 | D:8      | Gained mutation: You are somewhat unskilled. (-1 Apt) [Ru
                  | sacrifice]
  8522 | D:8      | Reduced skill Fighting to level 5
  8522 | D:8      | Reduced skill Short Blades to level 1
  8522 | D:8      | Reached * piety under Ru
  8522 | D:8      | Reached ** piety under Ru
  8881 | D:9      | Reached XP level 10. HP: 74/74 MP: 9/9
  9507 | D:9      | Noticed a four-headed hydra
  9528 | D:9      | Killed a four-headed hydra
  9528 | D:9      | Reached skill level 5 in Dodging
 10004 | D:10     | Entered Level 10 of the Dungeon
 10008 | D:10     | Noticed a gargoyle
 10222 | D:10     | Found a staircase to the Lair.
 10297 | D:10     | Killed a gargoyle
 10302 | D:10     | Found a staircase to the Orcish Mines.
 10453 | D:10     | Gained mutation: You are somewhat inexperienced. (-2 XL)
                  | [Ru sacrifice]
 10453 | D:10     | Reached XP level 9. HP: 68/68 MP: 17/17
 10453 | D:10     | Reached XP level 8. HP: 63/63 MP: 16/16
 10453 | D:10     | Reached *** piety under Ru
 10453 | D:10     | Reached **** piety under Ru
 10905 | D:10     | Noticed an unseen horror
 10919 | D:10     | Killed an unseen horror
 10919 | D:10     | Reached XP level 9. HP: 62/68 MP: 8/8
 11158 | D:11     | Noticed a two-headed ogre
 11172 | D:11     | Killed a two-headed ogre
 11172 | D:11     | Reached XP level 10. HP: 68/74 MP: 9/9
 11232 | D:11     | Noticed an unseen horror
 11239 | D:11     | Killed an unseen horror
 12068 | D:11     | Reached skill level 10 in Dodging
 12177 | D:11     | Noticed a cyclops
 12179 | D:11     | Killed a cyclops
 12227 | D:11     | Noticed a tengu warrior
 12227 | D:11     | Noticed a harpy
 12227 | D:11     | Noticed a gargoyle
 12228 | D:11     | Noticed a centaur warrior
 12228 | D:11     | a harpy changed into an eye of draining
 12346 | D:11     | Noticed a cyan ugly thing
 12357 | D:11     | Killed a cyan ugly thing
 12357 | D:11     | Reached XP level 11. HP: 35/80 MP: 9/9
 12872 | D:11     | Gained mutation: You cannot be stealthy. [Ru sacrifice]
 12872 | D:11     | Reached ***** piety under Ru
 13125 | Lair:1   | Entered Level 1 of the Lair of Beasts
 13824 | Lair:1   | Noticed Erica
 14347 | Lair:1   | Killed Erica
 14789 | Lair:1   | Reached XP level 12. HP: 92/92 MP: 13/13
 14868 | Lair:1   | You fall into a shaft and drop 1 floor!
 14868 | Lair:2   | Found a gate leading to a gauntlet.
 14887 | Lair:2   | Reached skill level 5 in Evocations
 14901 | Lair:2   | Reached skill level 1 in Armour
 14932 | Gauntlet | Entered a Gauntlet
 14932 | Gauntlet | Found a transporter.
 14932 | Gauntlet | Found a transporter.
 14997 | Gauntlet | Found a transporter.
 15011 | Gauntlet | Noticed a dire elephant
 15012 | Gauntlet | Found a transporter.
 15012 | Gauntlet | Found a transporter.
 15012 | Gauntlet | Found a transporter.
 15014 | Gauntlet | Found a transporter.
 15014 | Gauntlet | Found a transporter.
 15026 | Gauntlet | Found a transporter.
 15042 | Gauntlet | Found a transporter.
 15052 | Gauntlet | Found a transporter.
 15053 | Gauntlet | Noticed a death yak
 15055 | Gauntlet | Noticed a death yak
 15056 | Gauntlet | Noticed a death yak
 15057 | Gauntlet | Found a transporter.
 15059 | Gauntlet | Noticed a death yak
 15060 | Gauntlet | Noticed a death yak
 15097 | Gauntlet | Found a transporter.
 15108 | Gauntlet | Found a transporter.
 15400 | Gauntlet | Killed a dire elephant
 15591 | Gauntlet | Killed a death yak
 15609 | Gauntlet | Killed a death yak
 15614 | Gauntlet | Reached skill level 10 in Fighting
 15624 | Gauntlet | Killed a death yak
 15632 | Gauntlet | Killed a death yak
 15639 | Gauntlet | Killed a death yak
 15653 | Gauntlet | Identified a +2 pair of boots of running (You found it in a
                  | Gauntlet)
 15657 | Gauntlet | Got a clouded copper ring
 15660 | Gauntlet | Identified the ring "Ocillim" {*Tele Str+5 Dex+3 Slay-3}
                  | (You found it in a Gauntlet)
 15846 | Gauntlet | Noticed a minotaur
 15855 | Gauntlet | Killed a minotaur
 15871 | Gauntlet | Identified the Disquisition on Ashen Orientation
 15944 | Lair:2   | Reached XP level 13. HP: 106/106 MP: 15/15
 16084 | Lair:2   | Found a staircase to the Shoals.
 16269 | Lair:2   | Reached skill level 5 in Armour
 16451 | Lair:2   | Got a glimmering ring mail
 16462 | Lair:2   | Identified the +1 ring mail of Yhoakkel {Int+4} (You found
                  | it on level 2 of the Lair of Beasts)
 17151 | Lair:2   | Found a staircase to the Snake Pit.
 18391 | Lair:3   | Noticed a four-headed hydra
 18401 | Lair:3   | Killed a four-headed hydra
 18405 | Lair:3   | Noticed Gastronok
 18429 | Lair:3   | Killed Gastronok
 18731 | Lair:3   | Noticed a seven-headed hydra
 18742 | Lair:3   | Killed a seven-headed hydra
 19788 | Lair:4   | Noticed a four-headed hydra
 19796 | Lair:4   | Killed a four-headed hydra
 19796 | Lair:4   | Reached XP level 14. HP: 115/115 MP: 16/16
 21647 | Lair:6   | Entered Level 6 of the Lair of Beasts
 21883 | Lair:6   | Found a staircase to the Slime Pits.
 22092 | Lair:6   | Reached skill level 10 in Armour
 22141 | Lair:6   | Identified a scroll of acquirement
 22463 | D:11     | Got a heavily runed copper ring
 22464 | D:11     | Identified the ring "Fudwe" {*Corrode rPois rF- MP+9
                  | Dex+10} (You found it on level 11 of the Dungeon)
 22683 | D:4      | Killed Menkaure
 22858 | D:7      | Killed airwow's ghost
 22872 | D:7      | Gained mutation: You cannot study or cast Poison magic. [Ru
                  | sacrifice]
 22872 | D:7      | Gained mutation: You cannot study or cast Hexes magic. [Ru
                  | sacrifice]
 22872 | D:7      | Gained mutation: You cannot study or cast Charms magic. [Ru
                  | sacrifice]
 23533 | Lair:6   | Found a large runed translucent door.
 23534 | Lair:6   | Found a large runed translucent door.
 24695 | D:12     | Noticed Frances
 24720 | D:12     | Killed Frances
 24720 | D:12     | Reached XP level 15. HP: 119/120 MP: 12/20
 24937 | D:12     | Noticed Maurice
 24946 | D:12     | Killed Maurice
 25135 | D:12     | Reached skill level 10 in Evocations
 25188 | D:12     | Found the +8 demon trident "Rift" {distort, reach+}
 25192 | D:12     | Noticed Kirke
 25196 | D:12     | Killed Kirke
 26096 | D:13     | Noticed Jorgrun
 26111 | D:13     | Killed Jorgrun
 26251 | D:13     | Gained mutation: Your casting is slightly disrupted. [Ru
                  | sacrifice]
 26251 | D:13     | Reached ****** piety under Ru
 26413 | D:13     | Reached skill level 15 in Slings
 26638 | D:13     | Found a gate to the Vaults.
 27627 | D:14     | Noticed Snorg
 27645 | D:14     | Killed Snorg
 27661 | D:14     | Reached skill level 5 in Shields
 27674 | D:14     | Found a sacrificial altar of Ru.
 28048 | D:15     | Entered Level 15 of the Dungeon
 28079 | D:15     | Reached XP level 16. HP: 127/127 MP: 12/21
 28278 | D:15     | Noticed Josephine
 28286 | D:15     | Killed Josephine
 28667 | D:15     | Noticed Azrael
 28674 | D:15     | Killed Azrael
 28715 | D:15     | Noticed a fire giant
 28722 | D:15     | Killed a fire giant
 28741 | D:15     | Found a staircase to the Depths.
 28926 | D:15     | Noticed Nessos
 28930 | D:15     | Killed Nessos
 28930 | D:15     | Reached skill level 10 in Shields
 29281 | Orc:1    | Entered Level 1 of the Orcish Mines
 29313 | Orc:1    | Found a dark tunnel.
 29322 | Volcano  | Entered a volcano
 29519 | Volcano  | Found a burning altar of Makhleb.
 29920 | Orc:1    | You fall into a shaft and drop 1 floor!
 29920 | Orc:2    | Entered Level 2 of the Orcish Mines
 29964 | Orc:2    | Found a staircase to the Elven Halls.
 30382 | Orc:1    | Found a roughly hewn altar of Beogh.
 30604 | Orc:1    | Found Kuxkog's Distillery.
 30615 | Orc:1    | Bought a potion of heal wounds for 65 gold pieces
 30615 | Orc:1    | Bought a potion of might for 52 gold pieces
 31005 | Orc:2    | Found Isucwuv's Distillery.
 31006 | Orc:2    | Found Iwuoc's Food Shoppe.
 31013 | Orc:2    | Reached skill level 1 in Axes
 31607 | Orc:2    | Bought a potion of heal wounds for 55 gold pieces
 31607 | Orc:2    | Bought a potion of heal wounds for 55 gold pieces
 31607 | Orc:2    | Bought a potion of heal wounds for 55 gold pieces
 31835 | Orc:2    | Gained mutation: Scrolls take you a little longer to read.
                  | [a neqoxec]
 33222 | Orc:2    | Found Devevaedgh's Book Boutique.
 33222 | Orc:2    | Found Zananeuh's Antique Weapon Shop.
 33222 | Orc:2    | Found a one-way gate leading to the halls of Pandemonium.
 33230 | Orc:2    | Reached XP level 17. HP: 133/133 MP: 22/22
 33240 | Orc:2    | Bought a twisted great mace for 276 gold pieces
 33242 | Orc:2    | Identified the +3 great mace of Beogh {drain, +Inv rF- MR++
                  | Str+4} (You bought it in a shop on level 2 of the Orcish
                  | Mines)
 33402 | Shoals:1 | Entered Level 1 of the Shoals
 33402 | Shoals:1 | Found Tomeack's Distillery.
 33724 | Shoals:1 | Bought 2 potions of heal wounds for 130 gold pieces
 33724 | Shoals:1 | Bought 2 potions of heal wounds for 130 gold pieces
 33724 | Shoals:1 | Bought a potion of mutation for 104 gold pieces
 33724 | Shoals:1 | Bought a potion of invisibility for 104 gold pieces
 33724 | Shoals:1 | Lost mutation: Scrolls take you a little longer to read.
                  | [potion of mutation]
 33724 | Shoals:1 | Gained mutation: Your body sometimes deteriorates upon
                  | taking damage. [potion of mutation]
 33724 | Shoals:1 | Gained mutation: Your spells are a little harder to cast,
                  | but a little more powerful. [potion of mutation]
 33836 | Shoals:1 | Reached skill level 15 in Shields
 34104 | Shoals:1 | Noticed a kraken
 34106 | Shoals:1 | Killed a kraken
 34676 | Shoals:2 | Noticed Polyphemus
 34696 | Shoals:2 | Killed Polyphemus
 36084 | Shoals:3 | Reached XP level 18. HP: 140/140 MP: 22/22
 36310 | Shoals:3 | Reached skill level 15 in Armour
 36358 | Shoals:3 | Noticed a kraken
 36367 | Shoals:3 | Killed a kraken
 36367 | Shoals:3 | Noticed a kraken
 36627 | Shoals:3 | Noticed a kraken
 36948 | Shoals:4 | Entered Level 4 of the Shoals
 36948 | Shoals:4 | Noticed a kraken
 36952 | Shoals:4 | Killed a kraken
 37357 | Shoals:4 | Found a frozen archway.
 37366 | IceCv    | Entered an ice cave
 38073 | IceCv    | Noticed an Ice Fiend
 38097 | IceCv    | Killed an Ice Fiend
 38157 | IceCv    | Got a pair of crude gloves
 38158 | IceCv    | Identified the +0 pair of gloves of Follow the Leader {MR+
                  | Str+2 Int+3 Dex+2} (You found it in an ice cave)
 38171 | IceCv    | Identified the ring of the Pariah {rElec rPois rC+ rN+++
                  | Int-2} (You found it in an ice cave)
 38713 | Shoals:4 | Reached skill level 15 in Fighting
 38892 | Shoals:4 | Reached XP level 19. HP: 155/155 MP: 23/23
 39043 | Shoals:4 | Got a barnacled rune of Zot
 39956 | Snake:1  | Entered Level 1 of the Snake Pit
 40069 | Snake:1  | You fall into a shaft and drop 1 floor!
 41100 | Snake:2  | Got a jewelled scale mail
 41101 | Snake:2  | Identified the +5 scale mail of the Nightingale {rC- Int+3}
                  | (You found it on level 2 of the Snake Pit)
 41218 | Snake:2  | Found Zyxt's Jewellery Emporium.
 41233 | Snake:2  | Found Xaimi's Distillery.
 41241 | Snake:2  | Bought the ring "Vaenil" {+Inv rElec rC+ Slay+3 SInv} for
                  | 879 gold pieces
 41241 | Snake:2  | Bought the amulet of Taximiell {Reflect rPois rF+ SH+5} for
                  | 674 gold pieces
 41255 | Snake:2  | Bought a potion of heal wounds for 70 gold pieces
 41255 | Snake:2  | Bought 2 potions of might for 112 gold pieces
 41255 | Snake:2  | Bought a potion of curing for 42 gold pieces
 41255 | Snake:2  | Bought a potion of heal wounds for 70 gold pieces
 41995 | Snake:3  | Found Kiteiq's Book Emporium.
 42542 | Snake:4  | Entered Level 4 of the Snake Pit
 42542 | Snake:4  | Found a gateway to a bazaar.
 42577 | Bazaar   | Entered a bazaar
 42669 | Bazaar   | Found Hatzejog's Antique Weapon Emporium.
 42680 | Bazaar   | Found Tenius's Antique Weapon Shoppe.
 42696 | Bazaar   | Found Sohibb's Antique Armour Emporium.
 42707 | Bazaar   | Found Dun Votu's Antique Armour Shoppe.
 42712 | Bazaar   | Bought a pair of glowing gloves for 270 gold pieces
 42795 | Snake:4  | Reached XP level 20. HP: 162/162 MP: 24/24
 43377 | Snake:4  | Reached skill level 15 in Dodging
 43513 | Snake:4  | Reached skill level 5 in Axes
 44636 | Snake:4  | Reached XP level 21. HP: 155/168 MP: 16/25
 44640 | Snake:4  | Reached skill level 10 in Axes
 44783 | Snake:4  | Got a serpentine rune of Zot
 45309 | Elf:1    | Entered Level 1 of the Elven Halls
 45486 | Elf:1    | Identified Osuecomu's Volume of Arcane Weapons
 45555 | Elf:1    | Gained mutation: You are dopey. (Int -2) [a shining eye]
 45937 | Elf:1    | Found a runed translucent door.
 45938 | Elf:1    | Noticed Zaat's ghost (adept VSCK)
 46220 | Elf:1    | Found Fycunezy's Gadget Shoppe.
 46220 | Elf:1    | Found Kirph's Jewellery Shop.
 46221 | Elf:1    | Found Myebbaas's Gadget Shoppe.
 46861 | Elf:2    | Found a huge runed translucent gate.
 46861 | Elf:2    | Found a huge runed translucent gate.
 46865 | Elf:2    | Found a huge runed translucent gate.
 46867 | Elf:2    | Found a huge runed translucent gate.
 46867 | Elf:2    | Found a huge runed translucent gate.
 47653 | Elf:3    | Entered Level 3 of the Elven Halls
 47712 | Elf:3    | Found Atupuk's General Store.
 47762 | Elf:3    | Bought a potion of heal wounds for 60 gold pieces
 48644 | Elf:3    | Identified the ring "Xujouqin" {Ice *Drain Str+8 Int+8
                  | Dex-4}
 48712 | Elf:3    | Identified the cursed +3 trident of Folao {antimagic, rF+
                  | rC+ Int+3}
 48718 | Elf:3    | Identified the +6 flail "Zepnur" {flame, Int+5}
 48724 | Elf:3    | Reached XP level 22. HP: 177/184 MP: 26/26
 49062 | Elf:3    | Identified the +9 quarterstaff of Lies {drain, +Blink
                  | rPois}
 49246 | Elf:3    | Found the +3 pair of gauntlets of War {Slay+5}
 49451 | Elf:1    | Killed Zaat's ghost
 49642 | Vaults:1 | Entered Level 1 of the Vaults
 49781 | Vaults:1 | Found a magical portal.
 49792 | WizLab   | Entered Zonguldrok's Shrine
 50341 | WizLab   | Noticed an antique lich
 50349 | WizLab   | Killed an antique lich
 50359 | WizLab   | Found the +9 sword of Zonguldrok {reap}
 51530 | Vaults:1 | You fall into a shaft and drop 1 floor!
 51555 | Vaults:2 | Found Horamazi's Antique Armour Shoppe.
 52041 | Vaults:2 | Reached XP level 23. HP: 196/196 MP: 27/27
 52252 | Vaults:2 | Lost mutation: Your body sometimes deteriorates upon taking
                  | damage. [potion of mutation]
 52252 | Vaults:2 | Lost mutation: You are dopey. (Int -2) [potion of mutation]
 52252 | Vaults:2 | Gained mutation: You are frail. (-10% HP) [potion of
                  | mutation]
 52252 | Vaults:2 | Gained mutation: You are resistant to hostile enchantments.
                  | (MR+) [potion of mutation]
 53046 | Vaults:2 | Found the ring of Robustness {AC+8}
 53057 | Vaults:2 | Identified the Volume of Blistering Poisoning
 53813 | Vaults:3 | Found Ilaof's Food Shop.
 54391 | Vaults:3 | Found a staircase to the Crypt.
 54411 | Vaults:3 | Reached XP level 24. HP: 170/183 MP: 27/27
 56814 | Depths:1 | Entered Level 1 of the Depths
 56814 | Depths:1 | Found a corrupted altar of Lugonu.
 57135 | Depths:1 | Reached XP level 25. HP: 181/189 MP: 27/27
 57259 | Depths:1 | Found Tabeud's Food Shoppe.
 57368 | Depths:1 | Found a gateway to Hell.
 57539 | Depths:1 | Found a glowing golden altar of the Shining One.
 57891 | Depths:2 | Noticed Nikola
 57902 | Depths:2 | Killed Nikola
 59831 | Depths:3 | Reached skill level 15 in Axes
 59901 | Depths:3 | Found a viscous altar of Jiyva.
 59931 | Depths:3 | Identified the ring of Xuoligia {rF+ rCorr}
 60416 | Depths:3 | Identified the +7 tower shield of Agoraphobia {Regen+}
 60550 | Depths:3 | Noticed Mennas
 60559 | Depths:3 | Killed Mennas
 60829 | Depths:3 | Found a gateway to a ziggurat.
 61307 | Depths:4 | Found a runed translucent door.
 61750 | Depths:4 | You fall into a shaft and drop 1 floor!
 61750 | Depths:5 | Entered Level 5 of the Depths
 61976 | Depths:4 | Noticed Sojobo
 62000 | Depths:4 | Killed Sojobo
 62519 | Depths:4 | Found a one-way gate to the infinite horrors of the Abyss.
 63331 | Depths:5 | Learned a level 1 spell: Apportation
 63396 | Depths:5 | Found a hazy altar of Hepliaklqana.
 63751 | Depths:5 | Found a gate to the Realm of Zot.
 64408 | Depths:5 | Noticed a juggernaut
 64421 | Depths:5 | Killed a juggernaut
 64842 | Vaults:5 | Entered Level 5 of the Vaults
 64842 | Vaults:5 | Noticed Bai Suzhen
 64883 | Vaults:5 | Killed Bai Suzhen
 64936 | Vaults:5 | Identified the ring of Hukaxuco {MP+9 Str+2 Int+6}
 64948 | Vaults:5 | Identified the cursed +2 lajatang "Jiac" {vorpal, Str+2
                  | Int+4 Stlth+}
 64958 | Vaults:5 | Noticed an ancient lich
 64965 | Vaults:5 | Identified the amulet of Yteamneg {Faith rPois Stlth+}
 64966 | Vaults:5 | Killed an ancient lich
 65034 | Vaults:5 | Noticed an ancient lich
 65073 | Vaults:5 | Killed an ancient lich
 65321 | Vaults:5 | Got a silver rune of Zot
 65584 | Vaults:5 | Identified the +8 falchion "Sygh" {elec, MR+}
 65584 | Vaults:5 | Identified the +0 robe of the Engineer {rN++ MR+ MP-9}
 65896 | Vaults:5 | Got a distressingly furry scale mail
 65897 | Vaults:5 | Identified the +5 scale mail "Loha" {+Fly Int+3} (You found
                  | it on level 5 of the Vaults)
 65911 | Vaults:5 | Found Itilebul's General Store.
 66488 | Zot:1    | Entered Level 1 of the Realm of Zot
 66587 | Zot:1    | Identified the Grimoire of Necromancy
 68068 | Zot:2    | Noticed a curse toe
 68093 | Zot:2    | Killed a curse toe
 68664 | Zot:2    | Identified the +1 scale mail of the Several Seas {Dex+4}
                  | (You found it on level 2 of the Realm of Zot)
 69228 | Zot:3    | Found a huge runed gate.
 69228 | Zot:3    | Found a huge runed gate.
 69228 | Zot:3    | Found a huge runed gate.
 69230 | Zot:3    | Found a huge runed gate.
 69231 | Zot:3    | Found a huge runed gate.
 69231 | Zot:3    | Found a huge runed gate.
 69232 | Zot:3    | Found a huge runed gate.
 69233 | Zot:3    | Found a huge runed gate.
 69235 | Zot:3    | Found a huge runed gate.
 69235 | Zot:3    | Found a huge runed gate.
 69235 | Zot:3    | Found a huge runed gate.
 69235 | Zot:3    | Found a huge runed gate.
 69235 | Zot:3    | Found a huge runed gate.
 69235 | Zot:3    | Found a huge runed gate.
 69236 | Zot:3    | Found a huge runed gate.
 69237 | Zot:3    | Found a huge runed gate.
 69238 | Zot:3    | Found a huge runed gate.
 69248 | Zot:3    | Found a huge runed gate.
 69248 | Zot:3    | Found a huge runed gate.
 69248 | Zot:3    | Found a huge runed gate.
 69248 | Zot:3    | Found a huge runed gate.
 69248 | Zot:3    | Found a huge runed gate.
 69248 | Zot:3    | Found a huge runed gate.
 69249 | Zot:3    | Found a huge runed gate.
 69250 | Zot:3    | Found a huge runed gate.
 69251 | Zot:3    | Found a huge runed gate.
 69267 | Zot:3    | Found a huge runed gate.
 69268 | Zot:3    | Found a huge runed gate.
 69794 | Zot:3    | Found a huge runed gate.
 69794 | Zot:3    | Found a huge runed gate.
 69794 | Zot:3    | Found a huge runed gate.
 69794 | Zot:3    | Found a huge runed gate.
 69796 | Zot:3    | Found a huge runed gate.
 70058 | Zot:3    | Found a huge runed gate.
 70059 | Zot:3    | Found a huge runed gate.
 70199 | Zot:4    | Got a smoking brass ring
 70200 | Zot:4    | Identified the ring "Visixer" {+Inv rN+ MR+ SInv} (You
                  | found it on level 4 of the Realm of Zot)
 70295 | Zot:4    | Noticed a curse toe
 70310 | Zot:4    | Killed a curse toe
 70719 | Zot:5    | Entered Level 5 of the Realm of Zot
 71480 | Zot:5    | Noticed an ancient lich
 71499 | Zot:5    | Killed an ancient lich
 71632 | Zot:5    | Noticed an ancient lich
 71644 | Zot:5    | Killed an ancient lich
 71661 | Zot:5    | Noticed an orb of fire
 71672 | Zot:5    | Gained mutation: Your magical capacity is very low. (-20%
                  | MP) [an orb of fire]
 71693 | Zot:5    | Killed an orb of fire
 71728 | Zot:5    | Noticed an orb of fire
 71739 | Zot:5    | Lost mutation: You are frail. (-10% HP) [an orb of fire]
 71740 | Zot:5    | Gained mutation: You are clumsy. (Dex -2) [an orb of fire]
 71746 | Zot:5    | Gained mutation: You have sharp toenails. [mutagenic glow]
 71750 | Zot:5    | Killed an orb of fire
 71751 | Zot:5    | Noticed a Killer Klown
 71764 | Zot:5    | Noticed a caustic shrike
 71764 | Zot:5    | a Killer Klown changed into a caustic shrike
 71768 | Zot:5    | Killed a caustic shrike
 71902 | Zot:5    | Noticed an ancient lich
 71913 | Zot:5    | Killed an ancient lich
 72201 | Zot:5    | Noticed a Killer Klown
 72202 | Zot:5    | a Killer Klown changed into a titan
 72204 | Zot:5    | Noticed a Killer Klown
 72215 | Zot:5    | Killed a Killer Klown
 72340 | Zot:5    | Noticed an ancient lich
 72350 | Zot:5    | Killed an ancient lich
 72405 | Zot:5    | Noticed an ancient lich
 72411 | Zot:5    | Killed an ancient lich
 73063 | Zot:5    | Got the Orb of Zot
 73075 | Zot:5    | Noticed Mogat the pandemonium lord
 73078 | Zot:5    | Killed Mogat the pandemonium lord
 73137 | Zot:5    | Noticed Coentum the pandemonium lord
 73663 | D:$      | Escaped with the Orb!
